 Dungeon Crawl Stone Soup version 0.23.1-37-gaa34b87 (webtiles) character file.

Game seed: 8475631401257365122

106795 Moltybleed the Severer (level 15, -4/207 HPs)
             Began as a Minotaur Berserker on Mar 27, 2019.
             Was a High Priest of Trog.
             Slain by a shambling mangrove (24 damage)
             ... on level 4 of the Swamp.
             The game lasted 01:39:09 (32242 turns).

Moltybleed the Severer (Minotaur Berserker)        Turns: 32242, Time: 01:39:10

Health: -4/207     AC: 23    Str: 32    XL:     15   Next: 98%
Magic:  21/21      EV:  9    Int:  8    God:    Trog [*****.]
Gold:   2225       SH: 15    Dex: 14    Spells: 14/14 levels left

rFire    . . .     SeeInvis .   y - +9 hand axe of Putrescence {flame, rPois Int+4}
rCold    + + .     Gourm    .   V - +0 shield
rNeg     + . .     Faith    .   p - +3 chain mail {rF+}
rPois    +         Spirit   .   H - +2 hat
rElec    .         Reflect  .   s - +0 cloak {rC+}
rCorr    .         Harm     .   r - +2 pair of gloves {Dex+3}
MR       +....                  (no boots)
Stlth    ..........             (no amulet)
HPRegen  0.44/turn              Q - ring of ice
MPRegen  0.17/turn              v - ring of positive energy

@: berserking, grasped by roots, hasted, constricted, very quick
A: retaliatory headbutt, horns 2
a: Berserk, Trog's Hand, Brothers in Arms, Renounce Religion


You were on level 4 of the Swamp.
You worshipped Trog.
Trog was extremely pleased with you.
You were hungry.

You visited 5 branches of the dungeon, and saw 26 of its levels.
You also visited: Ice Cave.

You collected 2225 gold pieces.

Inventory:

Hand Weapons
 u - a +4 whip of venom
 y - the +9 hand axe of Putrescence (weapon) {flame, rPois Int+4}
   (Trog gifted it to you on level 1 of the Orcish Mines)

   It has been specially enchanted to burn those struck by it, causing extra
   injury to most foes and up to half again as much damage against particularly
   susceptible opponents.
   Big, fiery blades are also staple armaments of hydra-hunters.
   It affects your intelligence (+4).
   It protects you from poison.
 N - a +2 battleaxe of freezing
 S - a +2 antimagic war axe
 Z - the +11 demon trident "Lijua" {drain, MR++, unknown}
   (You found it in an ice cave)

   A truly terrible weapon, it drains the life of those it strikes.
   It affects your resistance to hostile enchantments.
Armour
 e - a +0 hat of magic resistance
 p - a +3 chain mail of fire resistance (worn)
 r - a +2 pair of gloves of dexterity (worn)
 s - a +0 cloak of cold resistance (worn)
 C - a +0 troll leather armour
 H - a +2 hat (worn)
 O - a +0 cloak of magic resistance
 V - a +0 shield (worn)
Jewellery
 v - a ring of positive energy (right hand)
 Q - a ring of ice (left hand)
Wands
 x - a wand of disintegration (20)
 z - a wand of acid (41)
 L - a wand of polymorph (15)
 M - a wand of random effects (24)
 P - a wand of iceblast (14)
 T - a wand of paralysis (7)
 X - a wand of enslavement (5)
Scrolls
 b - 2 scrolls of acquirement {unknown}
 f - 7 scrolls of teleportation
 j - 2 scrolls of enchant armour
 o - 6 scrolls of immolation
 q - 2 scrolls of noise {unknown}
 t - 5 scrolls of remove curse
 w - 11 scrolls of identify
 E - 2 scrolls of random uselessness {unknown}
 F - 2 scrolls of enchant weapon
 K - 2 scrolls of magic mapping {unknown}
 R - a scroll of silence {unknown}
 U - a scroll of torment {unknown}
 W - 2 scrolls of blinking {unknown}
 Y - 2 scrolls of amnesia
Potions
 a - a potion of cancellation {unknown}
 h - 4 potions of agility
 i - 2 potions of magic {unknown}
 l - a potion of brilliance {unknown}
 m - 6 potions of curing
 n - 2 potions of haste
 A - 2 potions of might {unknown}
 B - 2 potions of flight
 D - a potion of invisibility {unknown}
 I - 2 potions of mutation {unknown}
 J - 2 potions of resistance {unknown}
Miscellaneous
 d - a sack of spiders
Comestibles
 c - 22 rations


   Skills:
 + Level 14.3 Fighting
 * Level 15.2(16.6) Axes
 - Level 11.8(14.9) Maces & Flails
 + Level 14.5 Armour
 - Level 4.3 Dodging
 - Level 15.0 Shields
 - Level 10.0 Evocations


You had 14 spell levels left.
You didn't know any spells.
Your spell library was empty.

Dungeon Overview and Level Annotations

Branches:
Dungeon (13/15)            Temple (0/1) D:6            Lair (6/6) D:11
  Swamp (4/4) Lair:4       Spider (1/4) Lair:4        Slime (0/5) Lair:6
    Orc (2/2) D:12            Elf (0/3) Orc:2        Vaults (0/5) D:13

Altars:
Ashenzari
Cheibriados
Dithmenos
Gozag
Sif Muna
Trog
Vehumet
Wu Jian
Xom
The Shining One
Beogh

Shops:
Orc:2 *(%}

Portals:
Trove: D:10 (give +6 demon trident)

Annotations:
D:12 2 transporters, LemonMan's ghost, journeyman HuFi
Lair:6 2 runed translucent doors
Swamp:1 2 transporters, havocjr3's ghost, adept GnFi


Innate Abilities, Weirdness & Mutations

You reflexively headbutt those who attack you in melee.
You have a pair of horns on your head.


Message History

The flame cauterises the wound!
You slash the six-headed hydra! You burn the six-headed hydra.
You block the alligator's attack. The alligator barely misses you.
The spriggan rider completely misses you.
You slash the swamp dragon! You burn the swamp dragon.
You headbutt the swamp dragon!!
The swamp dragon is heavily wounded.
You closely miss the alligator. You barely miss the six-headed hydra.
You chop one of the two-headed hydra's heads off!
The flame cauterises the wound!
You slash the one-headed hydra! You burn the one-headed hydra.
You kill the one-headed hydra!
Trog accepts your kill.
You hit the shambling mangrove. You burn the shambling mangrove.
You block the six-headed hydra's attack.
The six-headed hydra bites you but does no damage. x2
The six-headed hydra closely misses you. x2
You block the six-headed hydra's attack.
The shambling mangrove hits you!!
You die...

≈≈.♣..≈.≈≈≈.≈[♣♣♣♣♣
♣♣♣♣♣♣♣
≈≈?.§.^≈≈≈≈.§≈♣
♣§..≈≈≈ii≈≈♣♣
♣≈≈≈≈≈≈≈.♣
♣♣§≈≈≈≈≈≈♣♣
≈.≈♣♣...F≈§≈.≈♣
...≈≈....iwFw♣♣♣
♣♣≈≈≈≈.≈.wDD♣♣
♣.≈≈≈≈≈≈Df@♣
♣.≈≈≈≈≈≈≈≈Dt♣
≈.≈≈≈≈≈≈≈≈≈≈♣
[..≈≈≈≈≈≈≈≈≈≈
..≈≈≈..≈..≈≈≈≈
≈.≈...§≈≈≈≈≈≈≈
♣♣≈.≈≈.≈≈≈
♣♣≈.≈.[.≈≈


You could see a shambling mangrove, an alligator, 2 six-headed hydras, 2 swamp
dragons, 2 tyrant leeches, a spriggan rider, a spriggan druid, 2 spiny frogs, a
swamp worm and a spriggan.

Vanquished Creatures
  Gastronok (D:9)
  A thorn hunter (Swamp:2)
  An ogre mage (D:13)
  Fannar (D:10)
  10 hydras
  A shambling mangrove (Swamp:2)
  A centaur warrior (D:13)
  6 two-headed ogres
  13 alligators
  A deep elf knight (D:13)
  15 spriggans
  3 skeletal warriors (D:12)
  6 spriggan druids (Swamp:3)
  An unseen horror (D:13)
  A lindwurm (Lair:6)
  2 deep elf magi (D:13)
  5 swamp dragons
  An orc sorcerer (Orc:2)
  An ugly thing (D:12)
  3 wolf spiders (Lair:4)
  3 cyclopes
  2 orb spiders (Spider:1)
  A manticore (D:13)
  A black mamba (Lair:6)
  A molten gargoyle (Lair:6)
  2 ice statues (IceCv)
  A torpor snail (Lair:6)
  Maurice (D:9)
  15 spiny frogs
  2 rime drakes
  8 komodo dragons
  2 demonic crawlers
  11 ice devils
  4 trolls
  7 jumping spiders (Spider:1)
  6 polar bears
  12 hornets
  7 tyrant leeches
  8 blink frogs
  8 bog bodies
  4 slime creatures (Swamp:3)
  7 hippogriffs
  15 dream sheep
  2 vampires (D:13)
  5 redbacks (Lair:4)
  3 wraiths
  5 shadows
  7 wyverns
  67 yaks
  6 basilisks
  A steam dragon (Lair:6)
  2 chaos spawn (D:9)
  3 hungry ghosts
  10 vampire mosquitoes
  4 insubstantial wisps (Swamp:4)
  A soldier ant (D:11)
  14 swamp worms
  A warg (Orc:2)
  10 water moccasins
  An acid dragon (D:12)
  3 hell hounds (Lair:6)
  10 porcupines
  9 swamp drakes
  34 orc warriors
  An ice beast (D:3)
  3 sky beasts
  6 black bears
  11 ogres
  A phantom (D:9)
  An eye of draining (D:13)
  18 centaurs
  12 wolves
  7 crocodiles
  5 big kobolds
  9 bullfrogs
  5 gnoll sergeants (D:12)
  A scorpion (D:6)
  A water moccasin skeleton (D:5)
  3 howler monkeys (D:9)
  4 killer bees (D:9)
  3 wights (D:11)
  An electric eel (Lair:3)
  4 centaur zombies
  4 crimson imps
  A quasit (D:9)
  4 hounds
  5 lava snakes (Lair:6)
  2 bullfrog zombies
  13 jellies (Lair:6)
  A bullfrog skeleton (D:10)
  12 orc priests
  18 orc wizards
  Crazy Yiuf (D:4)
  Terence (D:2)
  2 iguanas
  10 worker ants
  5 worker ant zombies
  2 gnolls (D:12)
  10 adders
  A shadow imp (D:13)
  7 white imps (IceCv)
  5 ufetubi (IceCv)
  2 oozes
  An adder skeleton (D:4)
  5 worms
  10 leopard geckos
  82 orcs
  7 bats
  5 giant cockroaches
  6 goblins
  5 hobgoblins
  4 jackals (D:7)
  5 quokkas
  2 ball pythons
  6 frilled lizards
  A jackal skeleton (D:4)
  33 kobolds
  A quokka skeleton (D:5)
  4 rats
  9 briar patches
  2 fungi (Lair:4)
  3 plants (D:11)
793 creatures vanquished.

Vanquished Creatures (collateral kills)
  A thorn hunter (Swamp:3)
  Snorg (Lair:4)
  A catoblepas (Lair:5)
  An alligator (Lair:4)
  Nergalle (Lair:3)
  A spriggan druid (Swamp:1)
  A skeletal warrior (D:12)
  2 orc knights
  A deep elf mage (D:13)
  A molten gargoyle (Lair:6)
  A rime drake (Lair:5)
  2 dream sheep (Lair:5)
  A vampire mosquito (Lair:4)
  4 orc warriors (Orc:2)
  2 ogres (D:12)
  A wolf (Lair:3)
  5 centaurs (Orc:2)
  2 crocodiles
  3 bullfrogs
  2 big kobolds (D:12)
  A crimson imp (D:12)
  A jelly (D:12)
  2 orcs
  2 kobolds (D:12)
  A briar patch (Swamp:3)
41 creatures vanquished.

Vanquished Creatures (others)
  A reaper (IceCv)
  A hornet (Swamp:1)
  A spriggan (Swamp:1)
  4 white imps (IceCv)
  5 ufetubi (IceCv)
  An orc (D:13)
  9 fungi
  4 plants
26 creatures vanquished.

Grand Total: 860 creatures vanquished

Notes
Turn   | Place    | Note
-------+----------+-------------------------------------------
     0 | D:1      | Moltybleed the Minotaur Berserker began the quest for the
                  | Orb.
     0 | D:1      | Reached XP level 1. HP: 19/19 MP: 0/0
   149 | D:1      | Reached XP level 2. HP: 15/27 MP: 1/1
  1009 | D:2      | Reached XP level 3. HP: 28/33 MP: 2/2
  1162 | D:2      | Reached ** piety under Trog
  1350 | D:2      | Noticed Terence
  1359 | D:2      | Killed Terence
  1486 | D:3      | Found a snail-covered altar of Cheibriados.
  1491 | D:3      | Reached XP level 4. HP: 37/41 MP: 3/3
  1611 | D:3      | Reached skill level 5 in Axes
  2334 | D:3      | Noticed an ice beast
  2344 | D:3      | Killed an ice beast
  2344 | D:3      | Reached skill level 5 in Fighting
  2344 | D:3      | Reached XP level 5. HP: 48/48 MP: 4/4
  2518 | D:3      | Reached XP level 6. HP: 49/56 MP: 5/5
  2538 | D:3      | Found a roughly hewn altar of Beogh.
  2932 | D:4      | Reached *** piety under Trog
  3714 | D:4      | Reached XP level 7. HP: 62/62 MP: 6/6
  3776 | D:4      | Found a runed translucent door.
  3777 | D:4      | Noticed Crazy Yiuf
  3786 | D:4      | Killed Crazy Yiuf
  3786 | D:4      | Reached skill level 1 in Maces & Flails
  3903 | D:5      | Entered Level 5 of the Dungeon
  3939 | D:5      | Reached skill level 5 in Armour
  4216 | D:5      | Reached XP level 8. HP: 69/71 MP: 7/7
  4604 | D:6      | Noticed a hornet
  4612 | D:6      | Killed a hornet
  4612 | D:6      | Reached skill level 5 in Maces & Flails
  4612 | D:6      | Reached skill level 1 in Shields
  4809 | D:6      | Found a shadowy altar of Dithmenos.
  4903 | D:6      | Found a staircase to the Ecumenical Temple.
  4963 | D:6      | Reached **** piety under Trog
  5442 | D:7      | Noticed a hippogriff
  5451 | D:7      | Killed a hippogriff
  5764 | D:7      | Reached XP level 9. HP: 81/81 MP: 8/8
  6274 | D:8      | Noticed a two-headed ogre
  6333 | D:8      | Killed a two-headed ogre
  6653 | D:8      | Noticed a two-headed ogre
  6686 | D:8      | Killed a two-headed ogre
  6686 | D:8      | Reached skill level 10 in Maces & Flails
  6838 | D:8      | Found an opulent altar of Gozag.
  6838 | D:8      | Found an ornate altar of the Wu Jian Council.
  6846 | D:8      | Reached XP level 10. HP: 87/91 MP: 9/9
  6850 | D:8      | Found a shattered altar of Ashenzari.
  6852 | D:8      | Found a deep blue altar of Sif Muna.
  6852 | D:8      | Found a glowing golden altar of the Shining One.
  6853 | D:8      | Found a radiant altar of Vehumet.
  7415 | D:9      | Noticed Maurice
  7427 | D:9      | Killed Maurice
  7473 | D:9      | Noticed Gastronok
  7504 | D:9      | Killed Gastronok
  7504 | D:9      | Reached skill level 10 in Fighting
  7557 | D:9      | Noticed a two-headed ogre
  7668 | D:9      | Killed a two-headed ogre
  7723 | D:9      | Got a translucent ring mail
  8100 | D:9      | Found a shimmering altar of Xom.
  8101 | D:9      | Found the +7 mace of Variability {chain chaos}
  8110 | D:9      | Reached skill level 10 in Armour
  8123 | D:9      | Reached XP level 11. HP: 102/102 MP: 10/10
  8717 | D:10     | Entered Level 10 of the Dungeon
  8821 | D:10     | Noticed Fannar
  8858 | D:10     | Killed Fannar
  9063 | D:10     | Found a portal to a secret trove of treasure.
  9288 | D:10     | Reached skill level 1 in Evocations
  9418 | D:10     | Reached ***** piety under Trog
  9671 | D:11     | Noticed a two-headed ogre
  9687 | D:11     | Killed a two-headed ogre
  9725 | D:11     | Found a staircase to the Lair.
 10244 | D:11     | Found a snail-covered altar of Cheibriados.
 10348 | D:11     | Received a gift from Trog
 10513 | Lair:1   | Entered Level 1 of the Lair of Beasts
 11012 | Lair:1   | Reached skill level 5 in Shields
 11794 | Lair:2   | Reached skill level 5 in Evocations
 11794 | Lair:2   | Reached XP level 12. HP: 112/112 MP: 14/14
 13503 | Lair:3   | Noticed Nergalle
 13512 | Lair:3   | Killed Nergalle
 13600 | Lair:3   | Noticed a five-headed hydra
 13607 | Lair:3   | Killed a five-headed hydra
 14040 | Lair:3   | Found a frozen archway.
 14080 | IceCv    | Entered an ice cave
 14175 | IceCv    | Killed a reaper
 15629 | IceCv    | Got a scorched demon trident
 16092 | Lair:3   | Received a gift from Trog
 16437 | Lair:4   | Found a staircase to the Swamp.
 16524 | Lair:4   | Reached XP level 13. HP: 118/118 MP: 17/17
 16525 | Lair:4   | Noticed Snorg
 16536 | Lair:4   | Killed Snorg
 16587 | Lair:4   | Reached skill level 10 in Shields
 17084 | Lair:4   | Found a hole to the Spider Nest.
 17692 | Lair:5   | You fall through a shaft!
 17692 | Lair:6   | Entered Level 6 of the Lair of Beasts
 18314 | Lair:6   | Found a staircase to the Slime Pits.
 18839 | Lair:6   | Received a gift from Trog
 18876 | Lair:6   | Reached skill level 10 in Axes
 19828 | Lair:6   | Found a large runed translucent door.
 20839 | Lair:6   | Noticed a fire dragon
 20851 | Lair:6   | Found a large runed translucent door.
 21422 | D:12     | Noticed LemonMan's ghost (journeyman HuFi)
 21464 | D:12     | Found a transporter.
 21470 | D:12     | Found a transporter.
 21670 | D:12     | Reached XP level 14. HP: 126/126 MP: 20/20
 21690 | D:12     | Reached skill level 10 in Evocations
 21808 | D:12     | Found a staircase to the Orcish Mines.
 23174 | D:13     | Paralysed by an ogre mage for 7 turns
 23723 | D:13     | Found a gate to the Vaults.
 23985 | Orc:1    | Entered Level 1 of the Orcish Mines
 24076 | Orc:1    | Received a gift from Trog
 24081 | Orc:1    | Got a bloodstained hand axe {god gift}
 24091 | Orc:1    | Identified the +9 hand axe of Putrescence {flame, rPois
                  | Int+4} (Trog gifted it to you on level 1 of the Orcish
                  | Mines)
 24096 | Orc:1    | Found a bloodstained altar of Trog.
 24159 | Orc:2    | Entered Level 2 of the Orcish Mines
 24693 | Orc:2    | Found a staircase to the Elven Halls.
 25189 | Orc:2    | Received a gift from Trog
 25691 | Orc:2    | Found Pulei's Weapon Boutique.
 25691 | Orc:2    | Found Eris Heb's Food Emporium.
 25693 | Orc:2    | Found Qine's Gadget Shoppe.
 25695 | Orc:2    | Found Veyfygg's General Store.
 26280 | Spider:1 | Entered Level 1 of the Spider Nest
 26934 | Swamp:1  | Entered Level 1 of the Swamp
 26934 | Swamp:1  | Found a transporter.
 26935 | Swamp:1  | Noticed havocjr3's ghost (adept GnFi)
 27019 | Lair:4   | Reached XP level 15. HP: 73/135 MP: 21/21
 28027 | Swamp:1  | Found a shimmering altar of Xom.
 28354 | Swamp:1  | Found a transporter.
 29156 | Swamp:2  | Received a gift from Trog
 29500 | Swamp:2  | Noticed a thorn hunter
 29615 | Swamp:2  | Killed a thorn hunter
 30294 | Swamp:2  | Reached skill level 15 in Shields
 31327 | Swamp:3  | Noticed a thorn hunter
 31338 | Swamp:3  | Killed a thorn hunter
 31533 | Swamp:4  | Entered Level 4 of the Swamp
 31918 | Swamp:3  | Reached skill level 15 in Axes
 32239 | Swamp:4  | Received a gift from Trog
 32242 | Swamp:4  | Slain by a shambling mangrove

Skill      XL: |  1  2  3  4  5  6  7  8  9 10 11 12 13 14 15 |
---------------+----------------------------------------------+-----
Fighting       | 4 5 6 7 9 11 12 13 14 | 14.3
Axes           | 4 5 6 7 10 13 15 | 15.2
Armour         | 3 4 5 6 7 10 11 12 13 14 | 14.5
Maces & Flails | 4 7 10 11 | 11.8
Shields        | 4 5 9 12 14 15 | 15.0
Evocations     | 5 7 9 10 | 10.0
Dodging        | 4 |  4.3

Action                   |  1- 3 |  4- 6 |  7- 9 | 10-12 | 13-15 || total
-------------------------+-------+-------+-------+-------+-------++-------
Melee: Hand axe          |    73 |    16 |       |     1 |   758 ||   848
       Headbutt          |    14 |    25 |    47 |   263 |   502 ||   851
       Whip              |       |   105 |   213 |   945 |  1043 ||  2306
       Broad axe         |       |       |       |     7 |       ||     7
Invok: Berserk           |     2 |     2 |     6 |     8 |    15 ||    33
       Brothers in Arms  |       |       |       |     2 |    12 ||    14
       Trog's Hand       |       |       |       |       |    15 ||    15
Evoke: Wand              |       |       |       |       |     2 ||     2
       Sack of spiders   |       |       |       |       |     1 ||     1
       Phantom mirror    |       |       |       |       |     1 ||     1
  Use: Scroll            |       |       |     2 |     7 |     4 ||    13
       Potion            |       |       |       |     1 |    13 ||    14
 Stab: Distracted        |       |       |       |     1 |       ||     1
       Confused          |       |       |       |       |     2 ||     2
  Eat: Chunk             |     4 |     9 |    11 |    31 |    43 ||    98
       Ration            |       |       |     2 |     2 |    10 ||    14
Armor: Animal skin       |     4 |       |       |       |       ||     4
       Ring mail         |    15 |       |       |       |       ||    15
       Chain mail        |     3 |    41 |    63 |   308 |   575 ||   990
       Skin              |       |       |       |       |     2 ||     2
Dodge: Dodged            |    39 |    34 |    73 |   204 |   519 ||   869
Block: Buckler           |       |       |    17 |    39 |       ||    56
       Shield            |       |       |       |   221 |   997 ||  1218
